[Event "Early-Titled-Tuesday-Blitz-February-06-2024"]
[Site "Chess.com"]
[Date "2024.02.06"]
[Round "7"]
[White "Nouali_Mohamed"]
[Black "BardArtem"]
[Result "0-1"]
[WhiteElo "2566"]
[BlackElo "2771"]
[TimeControl "180+1"]
[EndTime "9:17:44 PST"]
[Termination "BardArtem won on time"]

1. e4 c5 2. Nf3 g6 3. d4 cxd4 4. Nxd4 d6 5. Nc3 Nf6 6. Be3 Nc6 7. f3 h5 8. Qd2 Nxd4 9. Qxd4 Bg7 10. O-O-O O-O 11.
Qd2 Be6 12. Kb1 a6 13. Bd4 b5 14. h3 h4 15. Qg5 Rc8 16. Bd3 Qa5 17. Nd5 Bxd5 18.
exd5 b4 19. Qxh4 Nxd5 20. Bxg7 Kxg7 21. Bc4 Ne3 22. Qd4+ Qe5 23. Qxe5+ dxe5 24. Bxa6 Ra8 25. Bd3 Nxd1 26. Rxd1 Rfd8 27. Re1 Kf6 28. Re4 Rd4 29. Re1 e6 30. b3 Rd7 31. Kb2 Rda7 32. Kc1 Rxa2 33.
Kd2 Ra1 34. Re4 Rg1 35. Rxb4 Rxg2+ 36. Kc3 Rf2 37. Be4 Rh2 38. Bxa8 Rxh3 39. Rb7 Rxf3+ 40. Kb2 Rf4 41. Rd7 e4 42. b4 e3 43. Kb3 e2 0-1

[Event "Early-Titled-Tuesday-Blitz-February-06-2024"]
[Site "Chess.com"]
[Date "2024.02.06"]
[Round "7"]
[White "WindWhistler11"]
[Black "Arystanner"]
[Result "0-1"]
[WhiteElo "2509"]
[BlackElo "2867"]
[TimeControl "180+1"]
[EndTime "9:17:44 PST"]
[Termination "Arystanner won by resignation"]

1. c4 e6 2. Nf3 d5 3. g3 Nf6 4.
Bg2 Be7 5. b3 O-O 6. Bb2 a5 7.
Nc3 d4 8. Nb5 Nc6 9. e3 dxe3 10.
fxe3 a4 11. O-O Nb4 12. bxa4 c6 13. Nbd4 Nd3 14. Bc3 e5 15. Ne2 e4 16. Ng5 Nc5 17. a5 h6 18. Nh3 Be6 19. Rc1 Nd3 20. Rc2 Bg4 21. Nhf4 g5 22. Nh3 Nh5 23. Nf2 Nxf2 24. Rxf2 Qd3 25. Bf1 f5 26. Rb2 Qd7 27. Qb3 f4 28.
Qxb7 f3 29. Qxd7 Bxd7 30. Nd4 Nf6 31. h3 Bd6 32. c5 Bxg3 33. Bc4+ Kg7 34. Rb7 Bxf2+ 35.
Kxf2 Kg6 36. Nb3 Bxh3 37. a6 Ng4+ 38. Kg3 Bg2 39. Rg7+ Kh5 40. Bf7+ Rxf7 41. Rxf7 Rxa6 42. Na5 Bh1 43. a3 f2 44. Bb4 Bf3 45. d3 f1=Q 0-1

[Event "Early-Titled-Tuesday-Blitz-February-06-2024"]
[Site "Chess.com"]
[Date "2024.02.06"]
[Round "7"]
[White "bteillet"]
[Black "simonachess"]
[Result "1-0"]
[WhiteElo "2164"]
[BlackElo "2311"]
[TimeControl "180+1"]
[EndTime "9:17:45 PST"]
[Termination "bteillet won by resignation"]

1. b4 Nf6 2. Bb2 g6 3. c4 Bg7 4. e3 d6 5. Nf3 O-O 6. d4 a5 7. b5 b6 8. Be2 Nbd7 9. O-O Bb7 10.
Nbd2 Re8 11. a4 e5 12. dxe5 dxe5 13. Qc2 h6 14. Rad1 Qe7 15. h3 Rad8 16. Nb3 Ne4 17. Bd3 f5 18. Rfe1 Nec5 19. Nxc5 Nxc5 20. Be2 Bxf3 21.
Bxf3 e4 22. Be2 Bxb2 23. Rxd8 Rxd8 24. Qxb2 Qg7 25. Qc2 Rd6 26. Rd1 Qd7 27. h4 Rxd1+ 28. Bxd1 Qd6 29. h5 g5 30. Be2 Nd7 31. Qc3 Ne5 32.
c5 bxc5 33. Qxa5 c4 34. Qa8+ Kg7 35. Qa5 f4 36. Qc3 Qd5 37. a5 f3 38. gxf3 exf3 39.
Bxf3 Qxb5 40. a6 Kf8 41. Bb7 g4 42. Qd4 Nf3+ 43. Bxf3 gxf3 44. a7 Qxh5 45. a8=Q+ Kf7 46. Qf4+ Ke7 47. Qae4+ Kd7 48. Qff5+ 1-0

[Event "Early-Titled-Tuesday-Blitz-February-06-2024"]
[Site "Chess.com"]
[Date "2024.02.06"]
[Round "7"]
[White "Msb2"]
[Black "youngKID"]
[Result "0-1"]
[WhiteElo "2984"]
[BlackElo "2818"]
[TimeControl "180+1"]
[EndTime "9:17:46 PST"]
[Termination "youngKID won by checkmate"]

1. d4 Nf6 2. c4 g6 3. Nc3 Bg7 4. e4 d6 5. Nf3 O-O 6. Be2 Bg4 7. Be3 Bxf3 8. Bxf3 Nc6 9. d5 Ne5 10. Be2 c6 11. f4 Ned7 12. h4 cxd5 13. exd5 Re8 14. h5 e6 15. hxg6 hxg6 16. dxe6 Rxe6 17. Qd2 Qe7 18.
Bd4 Re8 19. O-O-O Rxe2 20. Nxe2 Qxe2 21. Qxe2 Rxe2 22. Rd2 Re4 23. g3 Nh5 24. Bxg7 Kxg7 25. Rxd6 Rxc4+ 26. Kb1 Ndf6 27. Rd3 Ne4 28. Rc1 Rb4 29.
a3 Rb5 30. Rc7 Nexg3 31. Rdd7 Rf5 32. Rxb7 a5 33. b4 axb4 34. axb4 Nxf4 35. b5 Ne6 36. Rd6 Ne4 37. Rxe6 Nc5 38. Ree7 Nxb7 39. Rxb7 g5 40. Kc2 g4 41. b6 g3 42. Rd7 g2 43. b7 Rc5+ 44.
Kb2 Rb5+ 45. Kc3 g1=Q 46. Rd2 Qe3+ 47. Kc2 Rb2+ 48. Kc1 Qxd2# 0-1

[Event "Early-Titled-Tuesday-Blitz-February-06-2024"]
[Site "Chess.com"]
[Date "2024.02.06"]
[Round "7"]
[White "LeoLV10"]
[Black "GustavoAOliveira"]
[Result "1-0"]
[WhiteElo "2495"]
[BlackElo "2333"]
[TimeControl "180+1"]
[EndTime "9:17:46 PST"]
[Termination "LeoLV10 won on time"]

1. e4 c5 2. Nf3 e6 3. d4 cxd4 4.
Nxd4 a6 5. Bd3 Nf6 6. O-O Qc7 7. Qe2 d6 8. c4 Be7 9. Nc3 O-O 10. Be3 Nbd7 11.
b3 b6 12. Rac1 Bb7 13. f3 Rac8 14. Bf2 Rfe8 15. f4 Qb8 16. Nf3 Nf8 17. h3 Bd8 18. Be3 Bc7 19. Nd2 Qa8 20. Bd4 e5 21. fxe5 dxe5 22. Bf2 N6d7 23. Nd5 Ne6 24. Be3 Ndc5 25.
Bb1 Bd8 26. b4 Nd7 27. Qg4 Bc6 28. Bd3 Qb7 29. Qf3 Nf6 30. Qg3 Bxd5 31. exd5 Nd4 32. Qf2 b5 33. d6 bxc4 34. Bxc4 Bb6 35. Kh2 Qd7 36. Bxa6 Rxc1 37. Rxc1 Qxd6 38. Bb5 Nxb5 39. Bxb6 Qxb4 40. Bc5 Qa4 41. Nc4 h6 42. Qe3 e4 43.
a3 1-0

[Event "Early-Titled-Tuesday-Blitz-February-06-2024"]
[Site "Chess.com"]
[Date "2024.02.06"]
[Round "7"]
[White "Schattman"]
[Black "mertfelin"]
[Result "0-1"]
[WhiteElo "2393"]
[BlackElo "2275"]
[TimeControl "180+1"]
[EndTime "9:17:47 PST"]
[Termination "mertfelin won on time"]

1. f4 d5 2. Nf3 Nf6 3. g3 Bg4 4. Ne5 Bf5 5. Bg2 e6 6. O-O Be7 7. d3 O-O 8. Nc3 h6 9. e4 dxe4 10. dxe4 Bh7 11. Qe2 c6 12. Kh1 Qc7 13. Be3 Na6 14. Rad1 Nc5 15. Bg1 a5 16. a3 a4 17.
Ng4 Rfe8 18. Nxf6+ gxf6 19. Rd2 b6 20. Rfd1 Rad8 21. Qh5 Bf8 22. Qg4+ Kh8 23. Qe2 b5 24.
Bd4 e5 25. Bxc5 Bxc5 26. Rxd8 Rxd8 27. f5 Bd4 28. Rd3 Qb6 29. Qd1 Rc8 30. h3 c5 31.
Ne2 Bxb2 32. Rd6 Qa5 33. Qd5 Kg7 34. Rd7 Bg8 35. Qd2 Qxd2 36. Rxd2 Bxa3 37. c4 b4 38. Rd7 b3 39. Rb7 Bb4 40. Nc1 b2 41. Nd3 b1=Q+ 42. Kh2 Qxd3 0-1

[Event "Early-Titled-Tuesday-Blitz-February-06-2024"]
[Site "Chess.com"]
[Date "2024.02.06"]
[Round "7"]
[White "Meri-Arabidze"]
[Black "colegiodemadrid"]
[Result "1-0"]
[WhiteElo "2726"]
[BlackElo "2499"]
[TimeControl "180+1"]
[EndTime "9:17:49 PST"]
[Termination "Meri-Arabidze won on time"]

1. Nf3 Nf6 2. b3 g6 3. Bb2 Bg7 4. g3 O-O 5. Bg2 c5 6. c4 d6 7. O-O e5 8. d3 Nc6 9. Nc3 Bg4 10. h3 Bd7 11. Ng5 h6 12. Nge4 Nxe4 13. Nxe4 Be6 14. a3 f5 15. Nc3 h5 16. h4 f4 17. b4 g5 18. hxg5 Qxg5 19. Ne4 Qe7 20. bxc5 dxc5 21. e3 fxe3 22. Qxh5 Bf7 23. Qg4 Be6 24. Qh5 Bf7 25. Qe2 exf2+ 26. Rxf2 Nd4 27. Bxd4 cxd4 28. Raf1 Bg6 29. Qg4 Bh7 30. a4 Rxf2 31. Rxf2 Rf8 32. Rxf8+ Qxf8 33. Qd7 Bf5 34. Qxb7 Qa3 35.
Qd5+ Kh8 36. Qd8+ Qf8 37. Qc7 Qa3 38. Kh2 Qc1 39. Qd8+ Kh7 40. Qh4+ Qh6 41. c5 1-0

[Event "Early-Titled-Tuesday-Blitz-February-06-2024"]
[Site "Chess.com"]
[Date "2024.02.06"]
[Round "7"]
[White "SergioMoralesG"]
[Black "SnekkerAndersen"]
[Result "0-1"]
[WhiteElo "2452"]
[BlackElo "2637"]
[TimeControl "180+1"]
[EndTime "9:17:49 PST"]
[Termination "SnekkerAndersen won on time"]

1. d4 e6 2. c4 c5 3. d5 exd5 4. cxd5 d6 5. Nc3 Nf6 6. e4 g6 7.
Nge2 Bg7 8. Ng3 O-O 9. Bd3 Nbd7 10. O-O Re8 11. Re1 Ne5 12. Bc2 Nfg4 13. h3 Qh4 14.
hxg4 Nxg4 15. Qf3 Qh2+ 16. Kf1 b6 17. Ke2 Ne5 18. Qf4 Qxg2 19. Be3 Bg4+ 20. Kd2 g5 21. Qxg4 Nxg4 22. Rg1 Qf3 23. Bd1 Ne5 24. Bxf3 Nxf3+ 25. Kd3 Nxg1 26. Rxg1 h6 27. Nf5 Rad8 28. f4 f6 29.
Nb5 c4+ 30. Kxc4 Rxe4+ 31. Kd3 Rb4 32. Nbxd6 Rxb2 33. Nxg7 Kxg7 34. Nf5+ Kg6 35. Ne7+ Kf7 36. Nf5 Rxd5+ 37. Ke4 Ra5 38. Nxh6+ Kg6 39. fxg5 fxg5 40. Ng4 Rb4+ 41. Kf3 Rf5+ 42. Ke2 Re4 43. Rd1 Rxg4 44. Rd6+ Rf6 45. Rd7 Re6 0-1

[Event "Early-Titled-Tuesday-Blitz-February-06-2024"]
[Site "Chess.com"]
[Date "2024.02.06"]
[Round "7"]
[White "djano"]
[Black "EvgenyBurmakin"]
[Result "1-0"]
[WhiteElo "2609"]
[BlackElo "2438"]
[TimeControl "180+1"]
[EndTime "9:17:49 PST"]
[Termination "djano won on time"]

1. e4 c5 2. Nc3 Nc6 3. Bb5 Nd4 4. Nf3 Nxb5 5. Nxb5 a6 6. Nc3 g6 7. d4 Bg7 8. e5 cxd4 9. Qxd4 d6 10. Bf4 Bg4 11.
O-O-O Bxf3 12. gxf3 Qa5 13. Qd5 Qxd5 14. Nxd5 Rc8 15. exd6 exd6 16. Bxd6 f6 17. Rhe1+ Kf7 18. Rd3 Re8 19. Rde3 Rxe3 20. Rxe3 Bh6 21. f4 g5 22.
Rb3 b5 23. fxg5 Bxg5+ 24. Bf4 Ne7 25. Bxg5 fxg5 26. Rf3+ Ke6 27. Nc7+ Kd7 28. Nxa6 Re8 29. Nc5+ Kc6 30. Ne4 g4 31. Rc3+ Kb6 32. Nf6 Rd8 33.
Nxg4 Ng6 34. Rd3 Re8 35. Re3 Rd8 36. c3 Nf4 37. Kc2 Kc5 38. Ne5 Ng2 39. Nd3+ Kc6 40. Re6+ 1-0

[Event "Early-Titled-Tuesday-Blitz-February-06-2024"]
[Site "Chess.com"]
[Date "2024.02.06"]
[Round "7"]
[White "Karttunen"]
[Black "Chemim21"]
[Result "1-0"]
[WhiteElo "2670"]
[BlackElo "2245"]
[TimeControl "180+1"]
[EndTime "9:17:49 PST"]
[Termination "Karttunen won on time"]

1. d4 d5 2. c4 e6 3. Nc3 Nf6 4. cxd5 Nxd5 5. e4 Nxc3 6. bxc3 c5 7. Nf3 cxd4 8. cxd4 Bb4+ 9. Bd2 Bxd2+ 10. Qxd2 O-O 11. Bc4 b6 12. O-O Bb7 13. Rfe1 Nc6 14. Rad1 Na5 15.
Bd3 Rc8 16. d5 exd5 17. e5 Nc4 18. Qf4 h6 19. Bf5 Rc7 20. Rd4 Qe7 21. Qg3 Re8 22. Rg4 f6 23. e6 Nd6 24. Bg6 Rec8 25. h4 Ne4 26. Bf7+ Kh8 27. Rexe4 dxe4 28. Rxg7 Rc1+ 29.
Ne1 Rxe1+ 30. Kh2 Qc7 31. Rg8+ Rxg8 32. Qxc7 Rg7 33. Qb8+ Kh7 34. Qxb7 e3 35. Qe4+ Kh8 36. fxe3 Re2 37. e7 1-0

[Event "Early-Titled-Tuesday-Blitz-February-06-2024"]
[Site "Chess.com"]
[Date "2024.02.06"]
[Round "7"]
[White "losersgame"]
[Black "DarZay"]
[Result "0-1"]
[WhiteElo "2517"]
[BlackElo "2294"]
[TimeControl "180+1"]
[EndTime "9:17:50 PST"]
[Termination "DarZay won on time"]

1. d4 d5 2. c4 e6 3. Nc3 Be7 4. Nf3 Nf6 5. Bg5 h6 6. Bxf6 Bxf6 7. e3 O-O 8. Rc1 b6 9. cxd5 exd5 10. Bd3 Bb7 11. b4 c5 12. bxc5 bxc5 13. dxc5 Qa5 14.
Qd2 Qxc5 15. Ne4 Qe7 16. Nxf6+ Qxf6 17. O-O Nc6 18. Bb5 Ne5 19. Nd4 a6 20. Be2 Rac8 21.
Qb4 Rxc1 22. Rxc1 Bc8 23. Qa5 Bg4 24. Bf1 Rb8 25. Qxd5 Rb2 26. f4 Ng6 27. h3 Bh5 28.
Qxh5 Qe7 29. Qf3 Nh4 30. Qg3 Ng6 31. Bd3 Nf8 32. Nf5 Qf6 33. Rc6 Ne6 34. Nd4 Rd2 35. Nxe6 fxe6 36. Qg6 Rd1+ 37. Kh2 Kf8 0-1

[Event "Early-Titled-Tuesday-Blitz-February-06-2024"]
[Site "Chess.com"]
[Date "2024.02.06"]
[Round "7"]
[White "Nick12772"]
[Black "Leebit02"]
[Result "0-1"]
[WhiteElo "2392"]
[BlackElo "2562"]
[TimeControl "180+1"]
[EndTime "9:17:50 PST"]
[Termination "Leebit02 won on time"]

1. Nf3 d5 2. g3 b6 3. Bg2 Bb7 4. O-O e6 5. d4 Nf6 6. c4 Be7 7. cxd5 exd5 8. Nc3 O-O 9. Bf4 a6 10.
Rc1 Bd6 11. Bxd6 Qxd6 12. Ne5 c5 13. e3 Re8 14. Re1 b5 15. a3 c4 16. h4 Nc6 17.
Nxc6 Bxc6 18. Qf3 a5 19. Ra1 b4 20. Ne2 Reb8 21. axb4 axb4 22. Nf4 h6 23. Nh5 Ne4 24. Qg4 g6 25. Bxe4 dxe4 26. Nf4 Bd7 27. Qe2 Bb5 28. Qg4 c3 29. bxc3 bxc3 30. Nh5 Bd3 31. Nf4 Rxa1 32. Rxa1 c2 33. Kh2 Qc6 34. d5 Qc3 35.
Nxg6 fxg6 36. Ra7 Qf6 37. Qd7 c1=Q 38. Qh7+ Kf8 39. Qxh6+ Ke8 0-1

[Event "Early-Titled-Tuesday-Blitz-February-06-2024"]
[Site "Chess.com"]
[Date "2024.02.06"]
[Round "7"]
[White "Willi_Skibbe"]
[Black "Attacker_2006"]
[Result "0-1"]
[WhiteElo "2331"]
[BlackElo "2490"]
[TimeControl "180+1"]
[EndTime "9:17:50 PST"]
[Termination "Attacker_2006 won by resignation"]

1. d4 d5 2. Nf3 e6 3. e3 Nf6 4. Bd3 Nbd7 5. O-O c5 6. b3 Be7 7. Bb2 O-O 8. Nbd2 b6 9. Ne5 Bb7 10. f4 Ne4 11. c4 Rc8 12. Rc1 Ndf6 13. Ndf3 Bd6 14. g4 cxd4 15. Bxd4 Nc5 16. Bb1 Nfe4 17. g5 f6 18. gxf6 Nxf6 19. Ng5 Qe8 20. cxd5 Bxd5 21. Rxc5 bxc5 22. Bb2 h6 23. Ngf3 Qh5 24. e4 Nxe4 25. Bxe4 Bxe5 26. Bxd5 Bxb2 27. Bxe6+ Kh8 28. Bxc8 Rxc8 29.
Ne5 Bd4+ 30. Kh1 Qf5 31. Qf3 Rf8 32. Qg3 Bxe5 33. Rg1 Bf6 34. Rf1 Qd5+ 0-1

[Event "Early-Titled-Tuesday-Blitz-February-06-2024"]
[Site "Chess.com"]
[Date "2024.02.06"]
[Round "7"]
[White "maurovargas01"]
[Black "AnaKuchava"]
[Result "0-1"]
[WhiteElo "1888"]
[BlackElo "2190"]
[TimeControl "180+1"]
[EndTime "9:17:50 PST"]
[Termination "AnaKuchava won on time"]

1. e4 c5 2. f4 Nc6 3. Nf3 e6 4.
d3 d5 5. e5 Nge7 6. g4 h5 7.
g5 Nf5 8. h4 g6 9. Bh3 Be7 10. Bxf5 exf5 11. O-O Be6 12. Nc3 Qd7 13. a3 d4 14. Ne2 Bd5 15. Kg2 O-O 16. Ng3 Kg7 17.
Bd2 b5 18. b4 c4 19. dxc4 bxc4 20. Be1 Be4 21. Nxe4 fxe4 22. Nh2 e3 23. Qf3 Rad8 24. c3 Qf5 25. cxd4 Nxd4 26. Qxe3 Nc2 27. Qc3 Nxa1 28. Qxa1 Qe4+ 29. Nf3 Qxf4 30. Bg3 Qe4 31. e6+ Kh7 32. Re1 Rd2+ 33. Bf2 Qg4+ 34. Kf1 Qxf3 35. Qd4 Qh3+ 0-1

[Event "Early-Titled-Tuesday-Blitz-February-06-2024"]
[Site "Chess.com"]
[Date "2024.02.06"]
[Round "7"]
[White "jcibarra"]
[Black "Rud_Makarian"]
[Result "1-0"]
[WhiteElo "2892"]
[BlackElo "3022"]
[TimeControl "180+1"]
[EndTime "9:17:51 PST"]
[Termination "jcibarra won by resignation"]

1. e4 c5 2. Nf3 e6 3. d4 cxd4 4. Nxd4 Nc6 5. Nc3 a6 6. Be3 Nf6 7. f4 d6 8. Qf3 Qc7 9. O-O-O Nxd4 10. Rxd4 b5 11. f5 e5 12. Rd1 Bb7 13. Kb1 Rc8 14. Bd3 Be7 15. g4 b4 16. Nd5 Nxd5 17. exd5 Qd8 18.
Rhf1 h6 19. Qe4 Bg5 20. Bxg5 hxg5 21. Qxb4 Rb8 22. Rf2 f6 23. c4 Qc7 24. Be4 Ke7 25.
Qa3 Qc5 26. Qxc5 dxc5 27. Rd3 Kd6 28. h3 Bc8 29. Rff3 Bd7 30. Rb3 a5 31. Rxb8 Rxb8 32.
Ra3 Rb4 33. Rxa5 Rxc4 34. Ra6+ Kc7 35. d6+ Kd8 36. Ra8+ Bc8 37. Bd5 Rd4 38. Be6 Rxd6 39. Rxc8+ Ke7 40. Rc7+ Kf8 41. Rxc5 Rd3 42. Rc3 Rd1+ 43. Kc2 Ke7 44. Kxd1 1-0

[Event "Early-Titled-Tuesday-Blitz-February-06-2024"]
[Site "Chess.com"]
[Date "2024.02.06"]
[Round "7"]
[White "iwanyu"]
[Black "FGHSMN"]
[Result "0-1"]
[WhiteElo "2800"]
[BlackElo "2946"]
[TimeControl "180+1"]
[EndTime "9:17:51 PST"]
[Termination "FGHSMN won on time"]

1. d4 Nf6 2. c4 b6 3. Nf3 Bb7 4. g3 g6 5. Bg2 Bg7 6. d5 O-O 7.
Nc3 Na6 8. O-O Nc5 9. Nd4 e5 10. Nc2 d6 11. e4 a5 12. b3 Bc8 13. f3 h5 14. Bg5 Qe8 15. Nb5 Qd7 16. Qd2 Nh7 17.
Bh6 Qe7 18. Bxg7 Kxg7 19. f4 h4 20. fxe5 dxe5 21. gxh4 Ba6 22. h5 Bxb5 23. h6+ Kh8 24. cxb5 Qh4 25. Rae1 Ng5 26. Ne3 Ngxe4 27. Qb2 Rae8 28.
Bxe4 Qxe4 29. Qf2 f5 30. Nc4 Qxd5 31. Qg3 f4 32. Qg5 Nd3 33. Re2 f3 34. Rd2 f2+ 35.
Rfxf2 Nxf2 36. Rxf2 Qd1+ 37. Kg2 Rxf2+ 38. Kxf2 Rf8+ 39. Ke3 Qc1+ 0-1

[Event "Early-Titled-Tuesday-Blitz-February-06-2024"]
[Site "Chess.com"]
[Date "2024.02.06"]
[Round "7"]
[White "secrethawk1"]
[Black "The_Machine04"]
[Result "0-1"]
[WhiteElo "2510"]
[BlackElo "2709"]
[TimeControl "180+1"]
[EndTime "9:17:52 PST"]
[Termination "The_Machine04 won on time"]

1. e4 d6 2. d4 Nf6 3. Nc3 e5 4. Nf3 Nbd7 5. Bc4 Be7 6. O-O c6 7. a4 h6 8. Re1 Qc7 9. Ba2 Nf8 10. dxe5 dxe5 11. Be3 Ng6 12. h3 O-O 13. Qd2 Kh8 14.
Rad1 Nh7 15. Ne2 f5 16. exf5 Bxf5 17. Ng3 Bxh3 18. Qd3 Nf4 19. Bxf4 exf4 20. Ne4 Bg4 21. Ned2 Bc5 22. Ne5 Bh5 23. Qh3 Nf6 24. Ndf3 Rae8 25.
Be6 Bd6 26. Nc4 Bb4 27. c3 Be7 28. Bd7 b5 29. Bxe8 Bg4 30. Qh4 Rxe8 31. Nfe5 Bxd1 32.
Qxf4 Kg8 33. Qf5 Bh5 34. Qe6+ Kh8 35. g4 Bf8 0-1

[Event "Early-Titled-Tuesday-Blitz-February-06-2024"]
[Site "Chess.com"]
[Date "2024.02.06"]
[Round "7"]
[White "Cubitas"]
[Black "malakismayil"]
[Result "1/2-1/2"]
[WhiteElo "2705"]
[BlackElo "2502"]
[TimeControl "180+1"]
[EndTime "9:17:52 PST"]
[Termination "Game drawn - insufficient material"]

1. e4 e5 2. d4 exd4 3. Qxd4 Nc6 4. Qe3 Nf6 5. Nc3 Bb4 6. Bd2 Qe7 7. O-O-O d6 8. Qg3 Be6 9. h3 O-O-O 10. Qxg7 Rhg8 11.
Qh6 Bxc3 12. Bxc3 Nxe4 13. Be1 Bxa2 14. Nf3 Be6 15. Bd3 Nc5 16. g4 Nxd3+ 17. Rxd3 f5 18. Bc3 fxg4 19. Bf6 Qf7 20. Ng5 Qf8 21. hxg4 Qxh6 22.
Rxh6 Rde8 23. Rg3 Rg6 24. Rxg6 hxg6 25. f4 Bc4 26. b3 Bd5 27. Kd2 a5 28. Nh7 Bg8 29.
Ng5 Rf8 30. Re3 Rxf6 31. Re8+ Kd7 32. Rxg8 Rxf4 33. Rg7+ Kc8 34. Ne6 Rxg4 35. Rxc7+ Kb8 36. Rd7 Nd4 37. Nc7 Rg2+ 38. Kd3 Nxc2 39. Nb5 Nb4+ 40. Ke4 Nc6 41. Nxd6 g5 42. Rxb7+ Ka8 43. Rc7 Nb4 44. Nc4 Rg4+ 45. Kf5 Rg3 46. Nxa5 g4 47. Rc4 Nd5 48. Rd4 Ne3+ 49. Kf4 Rf3+ 50. Kg5 Rf5+ 51. Kh4 Rxa5 52. Re4 Nf5+ 53. Kxg4 Nd6 54. Rd4 Nb5 55. Rd5 Kb7 56. Kf5 Kc6 57. Re5 Nd4+ 58. Ke4 Rxe5+ 59. Kxe5 Nxb3 1/2-1/2

[Event "Early-Titled-Tuesday-Blitz-February-06-2024"]
[Site "Chess.com"]
[Date "2024.02.06"]
[Round "7"]
[White "Mackster23"]
[Black "Vaathi_Coming"]
[Result "1-0"]
[WhiteElo "2755"]
[BlackElo "2923"]
[TimeControl "180+1"]
[EndTime "9:17:53 PST"]
[Termination "Mackster23 won on time"]

1. e4 e5 2. Nf3 Nc6 3. Bc4 Bc5 4. d3 d6 5. a4 f5 6. Ng5 Qf6 7. Nf7 fxe4 8. O-O Nh6 9. Bxh6 Rf8 10. Be3 Qg6 11. Kh1 Bg4 12. Qd2 Bxe3 13. fxe3 Be6 14.
Nxd6+ cxd6 15. Rxf8+ Kxf8 16. Bxe6 Qxe6 17. dxe4 Kg8 18.
Nc3 Rf8 19. Rd1 h6 20. h3 Kh7 21. Kg1 Rf6 22. Nd5 Rf7 23. Rf1 Rxf1+ 24. Kxf1 Qg6 25.
Qd3 Nd8 26. Kg1 Ne6 27. Ne7 Qg3 28. Nf5 Qe1+ 29. Kh2 Ng5 30. h4 Nf7 31. Qd5 Kg8 32. Qe6 Qf2 33. Qe8+ Kh7 34. Qxf7 1-0

[Event "Early-Titled-Tuesday-Blitz-February-06-2024"]
[Site "Chess.com"]
[Date "2024.02.06"]
[Round "7"]
[White "valeriocarnicelli"]
[Black "RianKapriaga"]
[Result "1-0"]
[WhiteElo "2538"]
[BlackElo "2291"]
[TimeControl "180+1"]
[EndTime "9:17:53 PST"]
[Termination "valeriocarnicelli won on time"]

1. b3 g6 2. Bb2 Nf6 3. Bxf6 exf6 4. c4 Bg7 5. Nc3 f5 6. e3 O-O 7. h4 h5 8. Nge2 c6 9. Nf4 d6 10. g3 Nd7 11. d4 c5 12. Bg2 cxd4 13. exd4 Re8+ 14.
Kf1 Rb8 15. Ncd5 b5 16. Rc1 bxc4 17. bxc4 Qa5 18. Bf3 Rb2 19. Kg2 Rd2 20. Re1 Rd8 21. Qb3 Bxd4 22. Re2 Rxe2 23. Nxe2 Be5 24. Ne7+ Kg7 25. Nc6 Qc7 26. Nxd8 Qxd8 27. Qe3 Nc5 28. Nd4 Qf6 29. Nc6 Bb7 30. Nxe5 dxe5 31. Qxc5 Bxf3+ 32. Kxf3 f4 33. Kg2 f3+ 34. Kh2 Qf5 35.
Qe3 f6 36. c5 g5 37. hxg5 h4 38. gxf6+ Kg6 39. g4 Qxf6 40. Qe4+ Kg5 41. Qf5+ Qxf5 42. gxf5 1-0

[Event "Early-Titled-Tuesday-Blitz-February-06-2024"]
[Site "Chess.com"]
[Date "2024.02.06"]
[Round "7"]
[White "Irina_Mikhaylova"]
[Black "ChessBliss09"]
[Result "1-0"]
[WhiteElo "2324"]
[BlackElo "2135"]
[TimeControl "180+1"]
[EndTime "9:17:53 PST"]
[Termination "Irina_Mikhaylova won by checkmate"]

1. d4 Nf6 2. Nf3 d5 3. c4 c6 4.
cxd5 cxd5 5. Nc3 Nc6 6. Bf4 e6 7. e3 a6 8. Bd3 Bd6 9. Bg3 O-O 10. Rc1 Qe7 11. Qe2 Bd7 12. O-O Rfc8 13. Nb1 Nb4 14. Nc3 Nxd3 15. Qxd3 Bb4 16. Rfd1 Bxc3 17. Rxc3 Ne4 18.
Rcc1 Bb5 19. Qb1 Be2 20. Rxc8+ Rxc8 21. Rc1 Qd8 22. Rc2 Bc4 23. Qc1 Rc6 24. Ne5 Rc8 25. b3 f6 26. Nf3 b5 27. Nd2 Nxg3 28. hxg3 Qa5 29. bxc4 bxc4 30. Nb3 Qb4 31. Nc5 e5 32. Nxa6 Qa5 33. Nc5 exd4 34. exd4 Re8 35. Rd2 Qb4 36. Kh2 c3 37. Rd3 Re2 38. Rxc3 Rxf2 39. Qe3 Rxa2 40.
Qe8# 1-0

[Event "Early-Titled-Tuesday-Blitz-February-06-2024"]
[Site "Chess.com"]
[Date "2024.02.06"]
[Round "7"]
[White "Statham_01"]
[Black "DevikBronstein"]
[Result "0-1"]
[WhiteElo "2569"]
[BlackElo "2912"]
[TimeControl "180+1"]
[EndTime "9:17:55 PST"]
[Termination "DevikBronstein won on time"]

1. e4 c5 2. Nf3 Nc6 3. b4 cxb4 4. d4 d6 5. d5 Nb8 6. Bb2 Nf6 7. Bd3 g6 8. a3 bxa3 9. Nxa3 Bg7 10. O-O O-O 11. h3 Nbd7 12. Re1 Nc5 13. Nc4 b6 14.
Nd4 Bb7 15. Qe2 a6 16. Reb1 Rb8 17. Bc3 Ba8 18. Rb4 Qc7 19. Qe1 Rfc8 20. Ra3 Nfd7 21. Qa1 Ne5 22. Nxe5 Bxe5 23. Qc1 b5 24. Rb1 Nxd3 25.
Qg5 Nf4 26. Re1 Qc5 27. Nf5 Bxc3 28. Nxe7+ Kf8 29. Re3 Qxa3 30. Rf3 Qa1+ 31. Kh2 Bf6 32. Nxg6+ hxg6 33. Qh6+ Bg7 34. Qg5 Qe5 0-1

[Event "Early-Titled-Tuesday-Blitz-February-06-2024"]
[Site "Chess.com"]
[Date "2024.02.06"]
[Round "7"]
[White "TigrVShlyape"]
[Black "Elegance_Riks"]
[Result "1/2-1/2"]
[WhiteElo "2959"]
[BlackElo "2774"]
[TimeControl "180+1"]
[EndTime "9:17:55 PST"]
[Termination "Game drawn by repetition"]

1. d4 g6 2. c3 Bg7 3. Nf3 d6 4.
e4 Nf6 5. Bd3 O-O 6. O-O Nc6 7.
h3 e5 8. Re1 h6 9. dxe5 dxe5 10. Na3 Nh5 11. Nc4 Be6 12. Ne3 Nf4 13. Bc4 Bxc4 14. Nxc4 Nd3 15. Re3 Nc5 16. Qc2 b5 17. Ncd2 a6 18. Nb3 Qe7 19. Re1 Rfd8 20. Be3 Na4 21. Rad1 Rxd1 22. Rxd1 Rd8 23. Rxd8+ Qxd8 24. Nbd2 Kh7 25. b3 Nb6 26. Kf1 Qe7 27. Qd3 Qe6 28.
g4 Bf8 29. Bxb6 cxb6 30. Qd5 Qf6 31. b4 Bg7 32. Ke2 Ne7 33. Qb7 g5 34. Ne1 Ng6 35. Ng2 Nf4+ 36. Nxf4 exf4 37. e5 Qxe5+ 38. Qe4+ Kg8 39.
Qxe5 Bxe5 40. Kd3 Kf8 41. c4 bxc4+ 42. Kxc4 Ke7 43. b5 axb5+ 44. Kxb5 Bd4 45. f3 Kd6 46. Nc4+ Kc7 47. a4 f6 48. Nd2 Kd6 49. Nc4+ Kc7 50. Nd2 Kd6 51. Nc4+ Kc7 1/2-1/2

[Event "Early-Titled-Tuesday-Blitz-February-06-2024"]
[Site "Chess.com"]
[Date "2024.02.06"]
[Round "7"]
[White "ProChessWICTH"]
[Black "Elnaz_Kaliakhmet"]
[Result "0-1"]
[WhiteElo "2513"]
[BlackElo "2274"]
[TimeControl "180+1"]
[EndTime "9:17:56 PST"]
[Termination "Elnaz_Kaliakhmet won by resignation"]

1. e4 c5 2. Nf3 Nc6 3. Bb5 Nf6 4. e5 Nd5 5. O-O Nc7 6. Bxc6 dxc6 7. d3 Bg4 8. Nc3 Ne6 9. h3 Bh5 10. Ne4 Qc7 11.
g4 Bg6 12. Ng3 O-O-O 13. Be3 f6 14. a3 h5 15. b4 c4 16. d4 hxg4 17. hxg4 c5 18.
bxc5 Nxc5 19. Qe2 Ne4 20. Bf4 Nxg3 21. Bxg3 f5 22. e6 f4 23. Bh2 Be8 24. c3 Bc6 25.
Ne5 g5 26. f3 Bg7 27. Nxc4 Bb5 28. Nd6+ Rxd6 29. Qxb5 Rxe6 30. Qf5 Qd7 31. Rfe1 Reh6 32.
Qxd7+ Kxd7 33. Re2 Rh3 34. Rae1 Bf6 35. Rf1 R3h4 36.
Rb2 b6 37. Re2 Rc8 38. Rc1 Bxd4+ 39. Kf1 Rxc3 40. Rd1 e5 41. Rxe5 Rxf3+ 42. Kg2 Rf2+ 43. Kg1 Rd2+ 44. Kf1 Rxd1+ 45. Ke2 Bxe5 0-1

[Event "Early-Titled-Tuesday-Blitz-February-06-2024"]
[Site "Chess.com"]
[Date "2024.02.06"]
[Round "7"]
[White "viktorskliarov"]
[Black "starworld123"]
[Result "0-1"]
[WhiteElo "2632"]
[BlackElo "2832"]
[TimeControl "180+1"]
[EndTime "9:17:57 PST"]
[Termination "starworld123 won by checkmate"]

1. e4 c5 2. Nf3 d6 3. d4 cxd4 4. Qxd4 Nc6 5. Bb5 Bd7 6. Bxc6 Bxc6 7. Nc3 Nf6 8. Bg5 e6 9. O-O-O Be7 10. Rhe1 O-O 11.
Kb1 Rc8 12. Qxa7 b5 13. a3 b4 14. axb4 Ra8 15. Qd4 Qc8 16. b5 Bb7 17. Nd2 d5 18. e5 Bc5 19. Qh4 Nd7 20. Nb3 Re8 21. Rd3 Nf8 22.
Qg4 Bb6 23. h4 Qc4 24. Qg3 d4 25. Bf6 Ng6 26. h5 dxc3 27. hxg6 fxg6 28. Rd7 cxb2 29. Rxg7+ Kf8 30. Rxb7 Ra1+ 31. Kxb2 Rxe1 32. Qh3 Bd4+ 33. Nxd4 Qxd4+ 34. c3 Qd2+ 35. Kb3 Rb1+ 36. Kc4 Qd5# 0-1